 Dungeon Crawl Stone Soup version 0.30.0-5-g1a98f26d00 (webtiles) character file.

Game seed: 13453131632529946347

268 jimonade the Cudgeller (level 6, -7/55 HPs)
             Began as a Draconian Monk on May 9, 2023.
             Mangled by Edmund
             ... wielding a +6 dire flail of venom
              (11 damage)
             ... on level 4 of the Dungeon.
             The game lasted 00:05:23 (3080 turns).

jimonade the Cudgeller (Draconian Monk)             Turns: 3080, Time: 00:05:23

Health: -7/55      AC:  7    Str: 14    XL:     6   Next: 0%
Magic:  6/6        EV: 13    Int: 12    God:
Gold:   130        SH:  0    Dex: 13    Spells: 5/5 levels left

rFire   . . .        a - +0 whip
rCold   . . .        c - orb {light}
rNeg    . . .        (body armour unavailable)
rPois   .            (helmet restricted)
rElec   .            (no cloak)
rCorr   .            j - +0 pair of gloves
SInv    .            (no boots)
Will    +....        (no amulet)
Stlth   +            v - ring of willpower
HPRegen 0.29/turn    (no ring)
MPRegen 0.10/turn

%: no passive effects
@: lethally poisoned (-7 -> -22), glowing
A: AC +6, unfitting armour, cold-blooded
a: no special abilities


You were on level 4 of the Dungeon.
You visited 1 branch of the dungeon, and saw 4 of its levels.

You collected 130 gold pieces.

Inventory:

Hand Weapons
 a - a +0 whip (weapon)
 d - a +2 heavy mace
 n - a +0 spear
 s - a +0 dagger
 t - a +0 great mace
 u - a +0 mace
 x - a +0 flail
 y - a +0 sling
Missiles
 m - 3 javelins
 q - 11 poisoned darts (quivered)
Armour
 c - an orb of light (worn)
 j - a +0 pair of gloves (worn)
Jewellery
 v - a ring of willpower (left hand)
Scrolls
 e - 5 scrolls of identify {unknown}
 f - 2 scrolls of immolation {unknown}
 i - 5 scrolls of vulnerability {unknown}
 k - a scroll of poison {unknown}
 r - a scroll of teleportation {unknown}
 z - a scroll of amnesia {unknown}
Potions
 b - a potion of ambrosia
 g - 3 potions of degeneration {unknown}
 h - a potion of lignification {unknown}
 l - a potion of haste {unknown}
 o - 2 potions of cancellation {unknown}
 p - a potion of invisibility {unknown}
 w - a potion of mutation {unknown}


   Skills:
 + Level 4.8 Fighting
 + Level 5.2 Maces & Flails
 + Level 3.6 Dodging
 + Level 0.2 Stealth


You had 5 spell levels left.
You didn't know any spells.
Your spell library was empty.

Dungeon Overview and Level Annotations

Branches:
Dungeon (4/15)
 Temple: D:4-7

Altars:
Kikubaaqudgha
Nemelex Xobeh
Sif Muna
Wu Jian

Annotations:
D:4 1 transporter, Edmund


Innate Abilities, Weirdness & Mutations

Your plain brown scales are hard. (AC +6)
You cannot fit into any form of body armour.
You are cold-blooded and may be slowed by cold attacks.


Message History

Throw: 13 darts (poison)
Press: ? - help, Q - select action, (/) - cycle Shift-Dir - straight line, f/p - Edmund
Aim: Edmund, wielding a +6 dire flail of venom and wearing a +0 ring mail (lightly wounded, very poisoned, haloed, 82% to hit)
You throw a poisoned dart. The poisoned dart hits Edmund.
Edmund is lightly wounded.
Throw: 12 darts (poison)
Press: ? - help, Q - select action, (/) - cycle Shift-Dir - straight line, f/p - Edmund
Aim: Edmund, wielding a +6 dire flail of venom and wearing a +0 ring mail (lightly wounded, very poisoned, haloed, 82% to hit)
You throw a poisoned dart. The poisoned dart hits Edmund.
Edmund looks even sicker.
Edmund is lightly wounded.
You hit Edmund.
Your tail-slap misses Edmund.
Edmund is lightly wounded.
Edmund hits you with a +6 dire flail of venom!
You are poisoned.
You hit Edmund but do no damage. You tail-slap Edmund, but do no damage.
Edmund is lightly wounded.
You feel very sick.
Edmund hits you with a +6 dire flail of venom.
You are more poisoned.
You hit Edmund but do no damage. You tail-slap Edmund.
Edmund is moderately wounded.
You feel very sick.
Edmund hits you with a +6 dire flail of venom.
You are more poisoned.
You hit Edmund but do no damage.
Your tail-slap misses Edmund.
Edmund is moderately wounded.
You feel very sick.
Edmund hits you with a +6 dire flail of venom!
* * * LOW HITPOINT WARNING * * *
You barely miss Edmund.
Edmund is moderately wounded.
* * * LOW HITPOINT WARNING * * *
You feel very sick.
You barely miss Edmund.
Edmund is moderately wounded.
* * * LOW HITPOINT WARNING * * *
You feel very sick.
Edmund hits you with a +6 dire flail of venom!
You die...

... .( ####### (.
.....# ##( #....# #(.
#....# #.# #....# #@#
#####.<..# ##@#
#........# #..# ##
..###.)..# ##.##..#
....#....#####......#
..........##.....##.#
...>.##.#......###
.....##.##....##
.....##.....#.....
...................


You could see Edmund (very poisoned).

Vanquished Creatures
  A black bear (D:4)
  A hound (D:3)
  An iguana (D:4)
  Terence (D:2)
  An adder (D:2)
  4 dart slugs
  14 orcs (D:3)
  3 endoplasms
  7 goblins
  3 hobgoblins
  2 jackals (D:3)
  4 kobolds
  5 quokkas
  8 ball pythons
  3 bats
  4 frilled lizards
  9 rats
71 creatures vanquished.

Notes
Turn   | Place    | Note
-------+----------+-------------------------------------------
     0 | D:1      | jimonade the Draconian Monk began the quest for the Orb.
     0 | D:1      | Reached XP level 1. HP: 19/19 MP: 1/1
   172 | D:1      | Reached XP level 2. HP: 23/26 MP: 2/2
   849 | D:2      | Reached XP level 3. HP: 33/33 MP: 3/3
  1102 | D:2      | Noticed Terence
  1118 | D:2      | Killed Terence
  1119 | D:2      | Reached skill level 4 in Maces & Flails
  1119 | D:2      | Reached XP level 4. HP: 31/40 MP: 4/4
  1791 | D:3      | Found an ancient bone altar of Kikubaaqudgha.
  1792 | D:3      | Found an ornate altar of the Wu Jian Council.
  1792 | D:3      | Found a sparkling altar of Nemelex Xobeh.
  1793 | D:3      | Found a shimmering blue altar of Sif Muna.
  2027 | D:3      | Found a faded altar of an unknown god.
  2635 | D:4      | Noticed a black bear
  2653 | D:4      | Killed a black bear
  2654 | D:4      | Reached skill level 5 in Maces & Flails
  2654 | D:4      | Reached XP level 5. HP: 16/47 MP: 5/5
  2887 | D:4      | Reached XP level 6. HP: 10/55 MP: 6/6
  3062 | D:4      | Found a transporter.
  3069 | D:4      | Noticed Edmund
  3080 | D:4      | Mangled by Edmund

Illustrated notes

Levels and vault maps discovered:
D:1:      wander_arrival_chamber, layout_basic
D:2:      layout_loops_ring, serial_forest, infiniplex_forest_lined_room_2,
          infiniplex_forest_clump_medium, infiniplex_forest_lined_3_way,
          infiniplex_forest_corner_1, infiniplex_forest_straight_2,
          infiniplex_forest_clump_small, infiniplex_forest_clump_C,
          infiniplex_forest_clump_long, uniq_terence
D:3:      layout_basic, chequers_temple_overflow_statue_of_worship,
          dreamdust_ecumenical_altar_hidden_monk_grotto, grunt_ministairs_8
D:4:      layout_rooms, minmay_temple_entry_proselytizer,
          gammafunk_ghost_abyssal_escape, uniq_edmund, uniq_menkaure

Skill      XL: |  1  2  3  4 |
---------------+-------------+-----
Dodging        | 3 |  3.6
Fighting       | 4 |  4.8
Maces & Flails | 4 5 |  5.2
Stealth        | |  0.2

Action                     |  1- 3 |  4- 6 || total
---------------------------+-------+-------++-------
  Melee: Mace              |    79 |    53 ||   132
         Tailslap          |    10 |    32 ||    42
         Whip              |       |   116 ||   116
  Throw: Dart              |       |     7 ||     7
 Armour: Skin              |    19 |    56 ||    75
  Dodge: Dodged            |    44 |    97 ||   141
